 Dungeon Crawl Stone Soup version 0.30.0-19-g36f170ea60 (webtiles) character file.

Game seed: 16472715739559344456

505 MacCMillion the Cleaver (level 6, -7/51 HPs)
             Began as a Minotaur Fighter on June 1, 2023.
             Mangled by Eustachio
             ... wielding a +0 rapier
              (9 damage)
             ... on level 4 of the Dungeon.
             The game lasted 00:04:12 (3083 turns).

MacCMillion the Cleaver (Minotaur Fighter)          Turns: 3083, Time: 00:04:13

Health: -7/51      AC:  7    Str: 22      XL:     6   Next: 96%
Magic:  5/5        EV:  9    Int:  5      God:
Gold:   177        SH:  4    Dex:  8 (10) Spells: 5/5 levels left

rFire   . . .        a - +0 war axe
rCold   . . .        c - +0 buckler
rNeg    . . .        b - +0 scale mail
rPois   .            (helmet restricted)
rElec   .            (no cloak)
rCorr   .            (no gloves)
SInv    .            (no boots)
Will    .....        (no amulet) Stlth
                     (no ring)
HPRegen 0.28/turn    (no ring)
MPRegen 0.09/turn

%: no passive effects
@: no status effects
A: horns 2, retaliatory headbutt
a: no special abilities


You were on level 4 of the Dungeon.
You visited 1 branch of the dungeon, and saw 4 of its levels.

You collected 177 gold pieces.

Inventory:

Hand Weapons
 a - a +0 war axe (weapon)
Missiles
 i - a throwing net (quivered)
 q - 24 poisoned darts
Armour
 b - a +0 scale mail (worn)
 c - a +0 buckler (worn)
 f - a +0 kite shield
Jewellery
 t - a +6 ring of intelligence
Wands
 w - a wand of polymorph (2)
Scrolls
 e - 2 scrolls of noise {unknown}
 g - 2 scrolls of identify {unknown}
 h - a scroll of blinking {unknown}
 o - 4 scrolls of immolation {unknown}
 s - a scroll of poison {unknown}
 u - a scroll of teleportation {unknown}
 v - a scroll of enchant weapon {unknown}
 x - a scroll of enchant armour {unknown}
 y - a scroll of magic mapping {unknown}
 C - a scroll of silence {unknown}
Potions
 d - 3 potions of might
 j - a potion of attraction {unknown}
 k - 2 potions of invisibility {unknown}
 l - 2 potions of curing {unknown}
 m - a potion of haste {unknown}
 n - a potion of lignification {unknown}
 p - 2 potions of mutation {unknown}
 r - 2 potions of brilliance {unknown}
 z - a potion of degeneration {unknown}
 A - a potion of magic {unknown}
 B - a potion of cancellation {unknown}


   Skills:
 - Level 3.6 Fighting
 + Level 9.0 Axes
 - Level 3.7 Armour
 - Level 4.0 Shields


You had 5 spell levels left.
You didn't know any spells.
Your spell library contained the following spells:

 Spells                   Type           Power      Damage    Failure   Level
 Stone Arrow              Conj/Erth      0%         3d7       99%         3
 Animate Armour           Summ/Erth      0%         N/A       100%        4
 Lehudib's Crystal Spear  Conj/Erth      0%         10d2      100%        8


Dungeon Overview and Level Annotations

Branches:
Dungeon (4/15)
 Temple: D:4-7

Altars:

Annotations:
D:3 1 runed translucent door, Crazy Yiuf
D:4 Eustachio


Innate Abilities, Weirdness & Mutations

You have a pair of horns on your head.
You reflexively headbutt those who attack you in melee.


Message History

* * * LOW HITPOINT WARNING * * *
You barely miss Eustachio. Your headbutt misses Eustachio.
Eustachio is moderately wounded.
You hit the crimson imp but do no damage.
You barely miss the river rat.
The crimson imp blinks!
The river rat bites you but does no damage.
Eustachio casts a spell.
Eustachio blinks!
The river rat attacks as you move away!
The river rat bites you but does no damage.
Eustachio mumbles some strange words.
The crimson imp disappears in a puff of smoke!
You block the river rat's attack.
The crimson imp lashes its tail.
The crimson imp closely misses you. You furiously retaliate!
You headbutt the crimson imp! The shadow imp gestures at you.
Pain shoots through your body!
* * * LOW HITPOINT WARNING * * *
The crimson imp attacks as you move away!
The crimson imp barely misses you. You furiously retaliate!
You headbutt the crimson imp.
You kill the crimson imp!
The crimson imp disappears in a puff of smoke!
Eustachio mumbles some strange words.
The quokka twitches its whiskers.
The shadow imp disappears for a moment.
Eustachio gestures wildly while chanting.
Eustachio blinks!
The river rat attacks as you move away! The river rat closely misses you.
You block Eustachio's attack.
There is a stone staircase leading up here.
You barely miss Eustachio.
Eustachio is moderately wounded.
You hit the river rat but do no damage. Eustachio hits you with a +0 rapier.
* * * LOW HITPOINT WARNING * * *
You block the river rat's attack.
You barely miss Eustachio.
Eustachio is moderately wounded.
You hit the river rat. Eustachio hits you with a +0 rapier!
You die...

##### #.####....# ......#.##
#.........###.#.#..#.#
#.####.............#.###
#[.........^...........#
#.####...####.###..# #.#
#.#####..###...##..# #..
#........##........###.#
######..####..##....##......#
#....>..# #@.##.#.###.##..##
#####.#####.#
#r@#.....##.###.# ........#
#.# #...........# #.#
#####.#.# #.####........####
#.# #.#.# #......#.###.## #.#
#.#.###.####.55###.# #..
#.......# ##..r...#########
###.###.# #....5.r.....# #.#
#.# ####.#######.# #


You could see Eustachio, an iron imp (summoned), a river rat (summoned), a
shadow imp (summoned) and a rat (summoned).

Vanquished Creatures
  2 centaurs
  A scorpion (D:4)
  A howler monkey (D:4)
  A hound (D:4)
  Terence (D:3)
  A sleepcap (D:4)
  An iguana (D:4)
  A gnoll (D:4)
  3 adders
  5 worms (D:4)
  3 dart slugs
  An orc (D:4)
  2 endoplasms (D:3)
  A giant cockroach (D:1)
  8 goblins
  7 hobgoblins
  5 jackals
  6 quokkas
  9 ball pythons
  6 bats
  15 frilled lizards
  10 kobolds
  6 rats
96 creatures vanquished.

Notes
Turn   | Place    | Note
-------+----------+-------------------------------------------
     0 | D:1      | MacCMillion the Minotaur Fighter began the quest for the
                  | Orb.
     0 | D:1      | Reached XP level 1. HP: 19/19 MP: 0/0
    88 | D:1      | Reached skill level 3 in Axes
    88 | D:1      | Reached XP level 2. HP: 26/26 MP: 1/1
   661 | D:2      | Reached skill level 4 in Axes
   661 | D:2      | Reached XP level 3. HP: 31/31 MP: 2/2
  1171 | D:2      | Found a faded altar of an unknown god.
  1171 | D:2      | Noticed an orange demon
  1198 | D:3      | Reached skill level 5 in Axes
  1198 | D:3      | Reached XP level 4. HP: 39/39 MP: 3/3
  1283 | D:3      | Noticed a centaur
  1289 | D:3      | Killed a centaur
  1290 | D:3      | Reached skill level 6 in Axes
  1290 | D:3      | Reached XP level 5. HP: 36/45 MP: 4/4
  1687 | D:3      | Noticed Terence
  1780 | D:3      | Killed Terence
  1933 | D:3      | Found a runed translucent door.
  1934 | D:3      | Noticed Crazy Yiuf
  2316 | D:4      | Reached skill level 7 in Axes
  2533 | D:4      | Reached XP level 6. HP: 49/51 MP: 5/5
  2669 | D:4      | Reached skill level 8 in Axes
  2848 | D:4      | Reached skill level 9 in Axes
  3053 | D:4      | Noticed Eustachio
  3082 | D:4      | HP: 2/51 [Eustachio/+0 rapier (5)]
  3083 | D:4      | Mangled by Eustachio

Illustrated notes

Levels and vault maps discovered:
D:1:      lightli_iron_boxes, layout_rooms, serial_aquarium,
          aquarium_bridge_square [aquarium_subvault_bridge,
          aquarium_subvault_bridge, aquarium_subvault_bridge,
          aquarium_subvault_bridge], aquarium_bridge_straight
          [aquarium_subvault_bridge, aquarium_subvault_wall,
          aquarium_subvault_bridge, aquarium_subvault_window],
          aquarium_window_1, aquarium_window_1, aquarium_window_1,
          aquarium_window_1, aquarium_view_2e, aquarium_balcony_3b,
          columned_hall_lemuel, minmay_split_cup_small
D:2:      cheibrodos_old_hovel, layout_rooms,
          dreamdust_ecumenical_altar_sealed_demon
D:3:      layout_loops_ring, minmay_lizard_king, uniq_terence,
          uniq_crazy_yiuf_cottage
D:4:      minmay_octagon_keep, layout_loops_ring, uniq_eustachio

Skill      XL: |  1  2  3  4  5  6 |
---------------+-------------------+-----
Axes           | 3 4 5 6 7 9 |  9.0
Shields        | 4 |  4.0
Fighting       | |  3.6
Armour         | |  3.7

Action                     |  1- 3 |  4- 6 || total
---------------------------+-------+-------++-------
  Melee: War axe           |    92 |   111 ||   203
         Headbutt          |     6 |    20 ||    26
         Unarmed           |       |     4 ||     4
 Armour: Scale mail        |    42 |    57 ||    99
  Dodge: Dodged            |    41 |    76 ||   117
  Block: Buckler           |    23 |    28 ||    51
